Map: Ley Lines

Players

llllllllllll - Winner!

  • Race: Terran Terran
  • League: Grandmaster
  • Spawn Location: 1:00

OLDBOY

  • Race: Zerg Zerg
  • Spawn Location: 7:00

VOD

Have the link to the VOD?

Description

Time

  • Played on: Aug. 23, 2025, 12:50 p.m.
  • Length: 9:40
Show
View Real Time Build Order
Export as new Build Order

llllllllllll Terran - Winner!

Build Orders: Hellion Opening, Reaper Expand 

Get SALT Encoding   

  12  0:00  SCV  
  13  0:12  SCV  
  14  0:17  Supply Depot  
  14  0:24  SCV  
  15  0:39  SCV, Barracks  
  16  0:43  Refinery  
  16  0:51  SCV  
  17  1:03  SCV  
  18  1:15  SCV  
  19  1:27  Orbital Command, Reaper  
  20  1:38  Command Center  
  20  1:48  Supply Depot  
  21  1:54  SCV  
  21  1:59  Marine  
  22  2:06  SCV  
  23  2:11  Factory  
  23  2:18  SCV  
  23  2:21  Barracks Reactor  
  24  2:30  SCV  
  24  2:35  Command Center  
  25  2:42  SCV  
  26  2:51  Orbital Command  
  26  2:54  SCV  
  26  2:57  Starport  
  27  3:00  Refinery  
  27  3:07  SCV  
  27  3:10  Hellion  
  30  3:14  Hellion  
  30  3:16  Marine  
  30  3:19  SCV x2  
  34  3:31  SCV x2  
  36  3:34  Hellion  
  36  3:36  Hellion  
  36  3:40  Fusion Core  
  40  3:45  SCV x2  
  40  3:47  Orbital Command  
  42  3:51  Starport Tech Lab  
  42  3:53  Supply Depot  
  42  3:59  Hellion x2  
  42  4:00  SCV  
  47  4:03  SCV  
  47  4:12  SCV x2  
  49  4:17  SCV  
  49  4:21  Hellion x2  
  50  4:24  SCV x2  
  50  4:27  Supply Depot  
  52  4:34  SCV  
  52  4:36  SCV  
  54  4:40  Orbital Command, Refinery  
  54  4:41  Refinery  
  54  4:45  Battlecruiser  
  58  4:47  SCV  
  58  4:49  SCV, Hellion  
  62  4:53  Hellion  
  62  4:59  SCV  
  65  5:01  SCV  
  65  5:06  Supply Depot  
  66  5:08  SCV  
  66  5:11  SCV  
  66  5:14  SCV  
  69  5:18  Hellion x2  
  69  5:20  SCV  
  70  5:25  SCV  
  70  5:26  SCV  
  66  5:30  Supply Depot  
  66  5:34  SCV, Factory  
  66  5:35  Factory  
  67  5:37  SCV  
  67  5:40  Hellion x2, Supply Depot  
  72  5:43  SCV, Supply Depot  
  72  5:46  SCV  
  72  5:49  SCV  
  74  5:55  SCV, Weapon Refit  
  75  5:57  Battlecruiser  
  75  5:59  SCV  
  75  6:01  SCV  
  75  6:03  Hellion x2  
  75  6:04  Orbital Command  
  87  6:07  SCV  
  88  6:13  SCV  
  88  6:18  Factory Tech Lab x2  
  85  6:19  SCV  
  85  6:23  Supply Depot  
  85  6:24  Supply Depot  
  82  6:26  SCV, Hellion x2  
  87  6:34  SCV x2  
  87  6:37  Infernal Pre-Igniter, Cyclone x2  
  87  6:38  SCV, Supply Depot  
  96  6:46  SCV x2  
  98  6:50  SCV  
  99  6:54  Refinery  
  99  6:56  Refinery  
  99  6:58  SCV x2  
  99  7:01  Hellion x2, Supply Depot  
  101  7:02  SCV  
  106  7:10  SCV x2  
  106  7:14  SCV  
  106  7:15  Battlecruiser  
  115  7:17  Supply Depot  
  115  7:22  SCV x2  
  117  7:26  SCV  
  117  7:28  Hellion x2  
  122  7:31  Supply Depot  
  122  7:32  Cyclone  
  122  7:33  Cyclone  
  122  7:34  SCV  
  122  7:36  SCV  
  130  7:41  SCV  
  131  7:44  Supply Depot  
  131  7:51  Command Center  
  131  7:53  Hellion x2  
  135  8:03  SCV  
  135  8:05  SCV x2, Factory, Cyclone  
  139  8:06  Factory  
  139  8:09  Engineering Bay  
  141  8:14  Hellion x2, Cyclone  
  148  8:24  Battlecruiser  
  154  8:35  Hellion  
  154  8:38  Armory  
  154  8:39  Armory  
  156  8:43  SCV  
  157  8:51  Factory Reactor, Factory Tech Lab  
  157  8:58  Sensor Tower  
  157  9:02  Hellion x2  
  157  9:03  SCV x2, Cyclone  
  154  9:14  SCV  
  154  9:15  SCV  
Show
View Real Time Build Order
Export as new Build Order

OLDBOY Zerg 

Build Orders: Hatch First 

Get SALT Encoding   

  12  0:00  Drone  
  13  0:08  Drone  
  14  0:14  Extractor, Drone  
  15  0:21  Overlord  
  15  0:40  Drone  
  16  0:45  Hatchery  
  16  0:49  Drone  
  16  0:52  Drone  
  16  0:56  Drone  
  18  1:06  Extractor  
  18  1:11  Spawning Pool  
  16  1:14  Drone  
  16  1:17  Drone  
  18  1:29  Drone  
  19  1:39  Drone  
  20  1:50  Drone  
  21  1:57  Queen  
  21  1:58  Queen  
  21  1:59  Zergling x4  
  27  2:11  Overlord  
  27  2:12  Drone  
  28  2:22  Hatchery  
  26  2:30  Metabolic Boost  
  26  2:31  Drone  
  26  2:32  Drone  
  28  2:37  Drone  
  28  2:38  Drone  
  30  2:49  Queen  
  30  2:51  Overlord  
  32  2:55  Drone x2  
  34  3:00  Drone  
  34  3:05  Overlord  
  35  3:13  Drone x5  
  35  3:18  Drone x2  
  42  3:25  Drone x2  
  44  3:33  Queen  
  46  3:34  Queen  
  48  3:43  Drone  
  48  3:46  Evolution Chamber  
  48  3:49  Drone x5  
  53  3:55  Zergling x2  
  53  3:56  Zergling x6  
  57  4:05  Spore Crawler x2  
  54  4:12  Spore Crawler  
  54  4:13  Drone  
  52  4:21  Drone x2  
  57  4:24  Zerg Melee Weapons Level 1  
  57  4:26  Drone  
  57  4:30  Overlord x2  
  58  4:35  Overlord  
  58  4:42  Queen  
  58  4:43  Drone  
  58  4:46  Overlord  
  58  4:49  Drone  
  58  4:50  Drone x7  
  66  4:53  Spore Crawler  
  66  4:54  Spore Crawler  
  66  4:56  Spore Crawler  
  66  4:58  Zergling x12  
  69  5:01  Lair  
  69  5:04  Zergling x2  
  69  5:05  Zergling x6  
  66  5:25  Zergling x2  
  66  5:26  Zergling x20  
  77  5:41  Zergling x2  
  77  5:42  Zergling x12  
  83  5:52  Zergling x6  
  83  5:54  Drone  
  85  6:01  Zergling x8  
  89  6:04  Hatchery  
  82  6:19  Drone x6  
  82  6:24  Drone x2  
  89  6:26  Drone x2  
  89  6:29  Extractor x2  
  88  6:34  Drone x2  
  88  6:35  Overlord x2  
  88  6:36  Overlord  
  88  6:39  Spire  
  89  6:41  Extractor  
  89  6:42  Extractor  
  89  6:46  Drone x3  
  90  6:52  Overlord x2  
  90  6:53  Extractor, Overlord  
  90  6:54  Zerg Melee Weapons Level 2  
  89  6:57  Drone  
  90  7:06  Drone x3  
  90  7:07  Drone x8  
  95  7:30  Drone  
  95  7:31  Drone  
  95  7:35  Queen x3  
  95  7:36  Drone  
  101  7:37  Drone x13  
  93  8:01  Corruptor  
  93  8:02  Corruptor x2  
  97  8:07  Corruptor x2  
  97  8:11  Queen x3  
  105  8:21  Drone x7  
  108  8:31  Drone x7  
  111  8:41  Baneling Nest  
  110  8:42  Hydralisk Den  
  110  8:43  Drone x5  
  110  8:45  Drone x2  
  110  8:47  Drone  
  104  9:09  Zergling x2  
  93  9:10  Zergling x26  
  93  9:14  Hydralisk  
Tags
 
Add a new tag
Caveats
  • Supply blocks, unpowered buildings, or Contaminate may cause inaccurate times.
  • Supply counts are checked every 10 seconds.